Map: Backwater LE

Players

roarbot

  • Race: Terran Terran
  • League: Master
  • Spawn Location: 5:00

Neuro - Winner!

  • Race: Zerg Zerg
  • League: Grandmaster
  • Spawn Location: 11:00

VOD

Have the link to the VOD?

Description

Time

  • Played on: April 29, 2018, 2:56 p.m.
  • Length: 27:56
Show
View Real Time Build Order
Export as new Build Order

roarbot Terran 

Build Orders: Command Center First (CC), Mech 

Get SALT Encoding   

  12  0:02  SCV  
  13  0:14  SCV  
  14  0:17  Supply Depot  
  14  0:26  SCV  
  15  0:38  SCV  
  16  0:50  SCV  
  17  1:00  Command Center  
  17  1:03  SCV  
  18  1:12  Barracks  
  18  1:16  SCV  
  19  1:22  Refinery  
  19  1:28  SCV  
  20  1:33  Refinery  
  20  1:40  SCV  
  21  1:52  SCV  
  22  2:00  Marine  
  23  2:04  Orbital Command  
  23  2:13  Factory  
  23  2:15  Orbital Command  
  23  2:25  Barracks Reactor  
  23  2:28  Bunker  
  23  2:30  SCV  
  24  2:41  SCV  
  24  2:42  SCV  
  26  2:53  SCV  
  26  2:55  SCV  
  28  3:05  SCV  
  27  3:07  SCV  
  27  3:15  Starport  
  27  3:17  SCV  
  27  3:19  Hellion x2  
  32  3:22  SCV  
  32  3:25  Supply Depot, Marine  
  34  3:29  SCV  
  35  3:34  SCV  
  35  3:40  Hellion  
  38  3:46  Marine  
  38  3:47  Supply Depot, Hellion, SCV x2  
  43  3:50  Supply Depot  
  43  3:57  Medivac  
  43  3:59  SCV  
  46  4:08  Marine, Armory  
  46  4:09  Hellion x2, SCV  
  52  4:11  SCV  
  52  4:14  Supply Depot  
  53  4:17  Supply Depot  
  53  4:21  SCV  
  53  4:23  Liberator, SCV  
  55  4:30  Hellion x2  
  59  4:35  SCV  
  61  4:38  SCV  
  61  4:39  Supply Depot  
  64  4:47  SCV  
  65  4:54  Command Center  
  65  4:55  SCV  
  70  5:00  Hellion x2  
  70  5:09  Factory  
  70  5:11  Factory  
  70  5:14  Refinery  
  70  5:18  SCV  
  71  5:24  Hellion x2  
  71  5:27  SCV  
  66  5:30  SCV  
  59  5:40  SCV  
  59  5:42  Refinery  
  59  5:45  Hellion x2  
  59  5:48  Terran Vehicle Weapons Level 1  
  59  5:49  Starport Reactor  
  63  5:51  SCV  
  63  5:52  SCV  
  63  5:54  Factory x2  
  65  5:57  Supply Depot  
  65  6:03  SCV  
  65  6:04  SCV, Hellion, Factory Tech Lab  
  66  6:07  Hellion  
  66  6:08  SCV  
  72  6:17  SCV  
  72  6:18  SCV  
  74  6:23  Orbital Command  
  76  6:25  Hellion  
  76  6:30  SCV  
  76  6:31  SCV  
  78  6:34  Refinery x2  
  78  6:36  Factory Reactor  
  78  6:42  Factory Tech Lab, SCV, Factory Reactor  
  78  6:43  SCV  
  78  6:44  Thor  
  78  6:46  Hellion  
  90  6:47  Hellion  
  90  6:48  Viking  
  90  6:51  SCV  
  90  6:54  SCV, Supply Depot  
  94  6:55  SCV  
  95  7:02  Siege Tank  
  95  7:03  SCV  
  95  7:05  Viking  
  95  7:08  Hellion x2  
  105  7:10  Supply Depot  
  105  7:13  SCV x2  
  107  7:18  Supply Depot  
  107  7:21  Cyclone x2  
  113  7:24  Hellion  
  113  7:25  Hellion  
  113  7:29  Liberator  
  117  7:31  Siege Tank, Hellion  
  117  7:32  Supply Depot x2  
  122  7:37  Siege Tank  
  122  7:40  Hellion  
  127  7:44  Supply Depot  
  127  7:45  Supply Depot  
  132  7:58  Hellion  
  132  8:03  Siege Tank  
  135  8:09  Siege Tank  
  135  8:10  Terran Vehicle Weapons Level 2  
  138  8:16  Command Center  
  135  8:22  Hellion  
  135  8:23  Hellion x5  
  147  8:27  Supply Depot  
  147  8:35  Siege Tank  
  147  8:39  Infernal Pre-Igniter  
  150  8:42  Hellion  
  152  8:48  Supply Depot  
  152  8:54  Supply Depot  
  152  9:01  Hellion x4  
  164  9:03  Siege Tank, Hellion x2  
  164  9:07  Siege Tank  
  144  9:25  Hellion  
  144  9:28  Hellion  
  144  9:29  Hellion x3, Liberator x2  
  144  9:31  Hellion  
  126  9:35  Siege Tank  
  117  9:40  Siege Tank  
  114  9:47  Hellion  
  114  9:50  Hellion x2  
  126  9:57  Hellion x2  
  126  9:58  Hellion  
  132  10:07  Siege Tank  
  132  10:12  Siege Tank  
  132  10:15  Hellion  
  132  10:16  Orbital Command  
  132  10:18  Engineering Bay  
  132  10:21  Hellion  
  132  10:27  Refinery  
  132  10:28  Refinery  
  132  10:29  Terran Vehicle Weapons Level 3, Medivac x2  
  132  10:33  Hellion  
  132  10:34  Hellion, Armory  
  140  10:38  Supply Depot  
  140  10:39  Siege Tank  
  143  10:50  Siege Tank  
  143  10:51  Hellion  
  143  10:55  Hellion  
  150  11:01  Hellion x2  
  150  11:02  Hellion  
  156  11:11  Siege Tank  
  159  11:21  Hellion x2  
  159  11:22  Siege Tank  
  159  11:23  Hellion  
  168  11:29  Viking  
  168  11:30  Viking  
  168  11:31  Terran Vehicle And Ship Armor Level 1  
  168  11:32  Supply Depot  
  158  11:36  Command Center  
  125  11:41  Hellion  
  125  11:43  Siege Tank  
  109  11:52  Hellion  
  109  11:53  Hellion x2  
  99  11:54  Siege Tank  
  99  11:59  Viking  
  99  12:00  Viking  
  106  12:13  Hellion x2  
  113  12:15  Siege Tank  
  113  12:23  Hellion x4  
  113  12:27  Siege Tank  
  113  12:29  Viking  
  126  12:30  Viking  
  126  12:34  Hellion  
  126  12:35  Hellion  
  132  12:42  SCV x3  
  132  12:43  Command Center  
  135  12:44  Hellion  
  135  12:45  Hellion x3  
  135  12:47  Siege Tank  
  146  12:56  Hellion  
  146  12:58  Starport  
  148  12:59  Siege Tank, Viking  
  148  13:04  Hellion  
  157  13:06  Hellion x2  
  158  13:19  Siege Tank  
  163  13:20  Hellion  
  161  13:29  Hellion  
  161  13:30  Hellion x3  
  161  13:31  Siege Tank  
  161  13:32  Hellion  
  172  13:44  Hellion, Viking  
  170  13:48  Terran Vehicle And Ship Armor Level 2  
  170  13:51  Hellion  
  170  13:52  Siege Tank, Starport Tech Lab  
  173  14:03  Siege Tank  
  173  14:05  Sensor Tower  
  176  14:24  Siege Tank  
  151  14:32  Hellion  
  151  14:35  Siege Tank  
  151  14:36  Hellion  
  152  14:39  Viking x3  
  158  14:54  Hellion  
  158  14:56  Siege Tank, Hellion  
  160  15:02  Hellion  
  160  15:03  Hellion x3  
  168  15:07  Siege Tank  
  167  15:16  Hellion  
  167  15:17  Hellion  
  141  15:24  Hellion x4  
  122  15:28  Hellion  
  113  15:37  Hellion  
  113  15:39  Hellion x2  
  111  15:45  Hellion  
  111  15:46  Hellion x3  
  111  15:49  Siege Tank  
  116  15:52  Viking  
  116  15:58  Hellion  
  116  16:00  Hellion  
  116  16:01  Hellion  
  122  16:06  Hellion  
  122  16:07  Hellion x2  
  128  16:12  Hellion  
  128  16:13  Raven  
  132  16:20  Hellion  
  132  16:21  Siege Tank, Hellion  
  132  16:22  Siege Tank  
  142  16:30  Planetary Fortress  
  140  16:40  Hellion x2  
  140  16:41  Terran Vehicle And Ship Armor Level 3  
  140  16:42  Terran Ship Weapons Level 1  
  136  16:58  Viking x2, Raven  
  142  17:06  Siege Tank  
  142  17:07  Hellion  
  147  17:12  Refinery  
  147  17:13  Refinery  
  147  17:16  Missile Turret x2  
  147  17:18  Corvid Reactor  
  147  17:21  Hellion  
  149  17:34  Viking  
  149  17:35  Hellion x2  
  149  17:36  Hellion  
  157  17:41  Raven  
  159  17:45  Hellion  
  159  17:46  Hellion x2  
  165  18:01  Viking  
  167  18:16  Siege Tank  
  167  18:17  Hellion  
  172  18:20  Orbital Command  
  172  18:24  Raven  
  172  18:27  Command Center  
  172  18:29  Starport  
  153  18:44  SCV x4  
  153  18:45  Siege Tank  
  153  18:46  Hellion  
  158  18:50  Viking x2  
  162  18:58  Siege Tank  
  162  18:59  Factory  
  162  19:02  Hellion, Factory  
  169  19:03  Hellion  
  169  19:06  Raven  
  171  19:10  Starport Tech Lab  
  171  19:15  Cyclone  
  171  19:16  Cyclone  
  177  19:20  Viking  
  169  19:40  Siege Tank  
  169  19:41  Hellion  
  169  19:42  Hellion x4  
  169  19:44  Raven  
  181  19:47  Hellion  
  181  19:48  Hellion  
  181  19:49  Raven  
  181  19:50  Factory Tech Lab, Factory Reactor  
  186  19:58  Viking  
  187  20:00  Refinery  
  187  20:03  Refinery  
  187  20:27  Raven  
  189  20:29  Viking x2  
  189  20:32  Raven  
  195  20:42  Hellion  
  187  20:48  Siege Tank x2  
  187  20:49  Hellion  
  195  20:59  Viking x2  
  199  21:05  Reaper  
  199  21:10  Raven  
  188  21:15  Raven  
  188  21:18  Siege Tank  
  146  21:19  Hellion  
  146  21:20  Siege Tank  
  146  21:22  Siege Tank  
  146  21:23  Hellion  
  127  21:32  Hellion x3  
  139  21:33  Hellion x3  
  137  21:40  Hellion  
  137  21:44  Medivac x2  
  137  21:45  Hellion  
  145  21:50  Siege Tank  
  145  21:52  Siege Tank  
  145  21:53  Hellion, Medivac  
  168  21:54  Siege Tank, Hellion x5  
  168  22:02  Hellion  
  168  22:06  Hellion  
  175  22:24  Siege Tank  
  175  22:27  Siege Tank  
  143  22:55  Hellion x6  
  143  22:56  Siege Tank  
  153  22:59  Siege Tank  
  152  23:16  Hellion  
  152  23:17  Hellion x4  
  152  23:18  Hellion  
  158  23:29  Siege Tank  
  158  23:31  Siege Tank  
  151  23:37  Hellion  
  151  23:38  Hellion x4  
  151  23:39  Hellion  
  161  23:42  Orbital Command  
  161  23:43  Raven x2  
  165  23:48  Viking x2  
  169  24:02  Supply Depot x2  
  169  24:04  Supply Depot  
  169  24:23  Viking x2  
  169  24:24  Siege Tank, Hellion  
  178  24:25  Siege Tank  
  178  24:26  Viking  
  173  24:56  Siege Tank  
  173  24:58  Siege Tank  
  164  25:06  Hellion  
  135  25:12  Hellion x5  
  142  25:27  Hellion  
  142  25:28  Siege Tank  
  147  25:30  Siege Tank  
  147  25:33  Hellion x3  
  156  25:38  Hellion  
  154  25:58  Hellion  
  154  26:00  Siege Tank  
  154  26:02  Siege Tank  
  156  26:04  Viking  
  156  26:32  Siege Tank  
  152  26:34  Siege Tank  
  136  27:04  Siege Tank, Viking x3  
  136  27:06  Siege Tank  
Show
View Real Time Build Order
Export as new Build Order

Neuro Zerg - Winner!

Build Orders: Hatch First, Swarm Host 

Get SALT Encoding   

  12  0:01  Drone  
  13  0:12  Overlord  
  13  0:17  Drone  
  14  0:31  Drone x2  
  16  0:37  Drone  
  17  0:52  Hatchery  
  17  0:55  Drone  
  17  0:58  Drone  
  18  1:09  Extractor  
  17  1:13  Spawning Pool  
  17  1:16  Drone  
  17  1:19  Drone  
  18  1:28  Drone  
  19  1:40  Overlord  
  19  1:50  Drone  
  20  2:00  Queen  
  22  2:01  Zergling x2  
  22  2:04  Queen  
  22  2:05  Zergling x2  
  26  2:21  Hatchery  
  25  2:24  Drone x2  
  25  2:29  Drone  
  28  2:31  Drone  
  28  2:34  Drone  
  30  2:42  Metabolic Boost  
  31  2:44  Drone  
  31  2:46  Drone  
  31  2:50  Overlord  
  32  2:57  Drone  
  33  3:03  Drone  
  33  3:07  Drone  
  33  3:09  Drone x2  
  35  3:14  Overlord  
  35  3:17  Drone x5  
  40  3:26  Pneumatized Carapace  
  40  3:28  Zergling x4  
  42  3:35  Overlord  
  42  3:37  Drone  
  43  3:45  Drone x3  
  46  3:49  Queen x2  
  46  3:55  Overlord  
  50  3:59  Drone x3  
  53  4:05  Drone x2  
  53  4:08  Baneling Nest  
  53  4:09  Queen  
  56  4:11  Overlord  
  56  4:12  Overlord  
  56  4:15  Overlord  
  56  4:17  Drone x2  
  56  4:20  Extractor  
  57  4:27  Zergling x10  
  62  4:32  Queen  
  62  4:37  Zergling x4  
  66  4:42  Overlord  
  66  4:46  Zergling x4  
  66  4:47  Queen  
  66  4:51  Queen, Drone  
  73  4:53  Spore Crawler  
  73  4:54  Spore Crawler  
  73  4:55  Spore Crawler  
  70  5:06  Baneling x3  
  72  5:07  Zergling x16  
  77  5:25  Zergling x18  
  71  5:31  Evolution Chamber  
  71  5:32  Evolution Chamber  
  68  5:39  Drone x4  
  72  5:52  Drone x6  
  72  5:53  Hatchery  
  77  5:58  Extractor  
  77  5:59  Drone x2  
  77  6:02  Drone x3  
  77  6:03  Zerg Ground Armor Level 1  
  78  6:18  Drone x7  
  82  6:20  Zerg Melee Weapons Level 1  
  82  6:21  Lair  
  82  6:23  Extractor  
  80  6:34  Drone  
  80  6:35  Drone x2  
  80  6:37  Roach Warren, Zergling x14  
  89  6:43  Overlord x3  
  89  6:47  Drone x2  
  89  6:48  Drone  
  89  6:49  Baneling x3  
  92  6:57  Baneling x2  
  92  6:58  Baneling x2  
  93  7:08  Drone x5  
  97  7:18  Glial Reconstitution  
  97  7:20  Extractor  
  96  7:23  Hydralisk Den  
  96  7:24  Infestation Pit  
  96  7:25  Overseer  
  96  7:26  Drone x3  
  96  7:27  Drone x7  
  96  7:28  Drone x3  
  107  7:30  Centrifical Hooks  
  107  7:43  Spore Crawler  
  106  7:44  Overlord x3  
  106  7:49  Roach, Extractor  
  106  7:50  Spore Crawler, Roach x4  
  114  8:01  Roach x6  
  114  8:02  Zerg Missile Weapons Level 1  
  114  8:03  Grooved Spines  
  126  8:06  Hive  
  126  8:09  Extractor, Drone x6  
  126  8:10  Extractor  
  130  8:27  Roach x8  
  130  8:32  Overlord x2  
  143  8:40  Ravager  
  144  8:42  Overseer  
  144  8:48  Zerg Ground Armor Level 2  
  144  8:50  Overlord x7  
  144  8:53  Hatchery  
  143  9:06  Baneling x3  
  143  9:07  Baneling x8  
  143  9:08  Zergling x28  
  150  9:21  Roach x9  
  140  9:27  Roach x2  
  140  9:28  Roach  
  120  9:33  Roach x5  
  120  9:41  Roach x4  
  121  9:48  Viper x2  
  121  9:52  Drone x4  
  131  10:00  Zerg Missile Weapons Level 2  
  131  10:03  Muscular Augments  
  131  10:06  Roach  
  145  10:07  Roach x7  
  135  10:15  Queen  
  135  10:23  Roach x3  
  135  10:24  Roach x6  
  151  10:31  Queen  
  151  10:32  Hydralisk x3  
  151  10:33  Hydralisk  
  161  10:43  Hydralisk x5  
  161  10:45  Drone x3  
  161  10:49  Extractor  
  173  10:50  Hydralisk  
  173  10:51  Hydralisk x2  
  179  11:04  Hydralisk  
  179  11:05  Hydralisk x5  
  189  11:16  Hydralisk x2  
  189  11:17  Hydralisk x3  
  173  11:33  Hydralisk x8  
  173  11:37  Hydralisk x3  
  141  11:48  Hydralisk x2  
  143  11:57  Hatchery  
  142  12:02  Hydralisk x6  
  154  12:10  Queen  
  150  12:17  Extractor  
  150  12:18  Swarm Host x3  
  150  12:23  Queen x2  
  150  12:26  Drone x2  
  150  12:27  Drone x3  
  159  12:32  Swarm Host x2  
  159  12:35  Zerg Missile Weapons Level 3  
  165  12:42  Swarm Host x2  
  171  12:53  Swarm Host  
  171  12:54  Swarm Host x2  
  180  13:11  Hatchery  
  177  13:13  Roach x4  
  176  13:22  Swarm Host x3  
  176  13:23  Swarm Host  
  181  13:31  Zerg Ground Armor Level 3  
  176  13:38  Drone x2  
  176  13:39  Drone x7  
  172  13:49  Drone x5  
  176  14:06  Spine Crawler x2  
  176  14:08  Spine Crawler x2, Drone x3  
  175  14:14  Hydralisk x3  
  179  14:28  Hydralisk x5  
  184  14:38  Hydralisk x5  
  186  14:51  Hydralisk x5  
  190  15:03  Hydralisk x6  
  178  15:16  Hydralisk x5  
  178  15:20  Hydralisk  
  163  15:25  Hydralisk  
  145  15:32  Hydralisk x2  
  137  15:36  Drone x3  
  130  15:43  Drone x9  
  133  15:57  Swarm Host x4  
  133  16:03  Roach x4  
  153  16:12  Roach x5  
  153  16:17  Queen x2  
  153  16:18  Queen  
  169  16:26  Spore Crawler  
  169  16:29  Roach x7  
  164  16:47  Hydralisk x9  
  182  16:56  Viper  
  182  16:58  Queen  
  182  17:00  Queen  
  189  17:08  Overseer, Overlord  
  189  17:09  Viper  
  189  17:13  Hatchery  
  191  17:18  Hydralisk x3  
  197  17:29  Drone  
  198  17:42  Zerg Melee Weapons Level 2  
  198  17:45  Hydralisk  
  198  17:46  Spire  
  192  18:44  Spine Crawler  
  192  18:45  Spine Crawler, Drone x2  
  192  18:46  Viper  
  192  18:47  Viper  
  197  18:59  Zerg Flyer Armor Level 1, Spire  
  196  19:08  Overseer  
  196  19:13  Overseer  
  196  19:16  Overlord  
  196  19:22  Extractor  
  195  19:25  Extractor  
  192  19:44  Hydralisk x10  
  200  20:11  Zerg Melee Weapons Level 3  
  200  20:12  Greater Spire  
  200  20:36  Hatchery  
  199  20:53  Zerg Flyer Weapons Level 1  
  199  21:01  Hatchery  
  198  21:07  Hydralisk x4  
  198  21:10  Unknown  
  196  21:16  Hydralisk x8  
  196  21:17  Hydralisk  
  194  21:20  Roach x3  
  194  21:21  Roach x5  
  173  21:26  Hydralisk  
  173  21:27  Hydralisk x5  
  170  21:37  Hydralisk x3  
  170  21:38  Hydralisk x11  
  198  21:53  Hydralisk  
  184  22:26  Hydralisk x9  
  192  22:44  Hydralisk x5  
  192  22:45  Hydralisk  
  192  22:47  Unknown  
  191  22:54  Hydralisk x7  
  185  23:01  Unknown  
  185  23:08  Overseer  
  183  23:16  Hydralisk x8  
  183  23:17  Hatchery  
  194  23:22  Drone x2  
  196  23:30  Viper x2  
  196  23:31  Zerg Flyer Armor Level 2  
  196  23:32  Zerg Flyer Weapons Level 2  
  194  23:52  Extractor  
  194  23:53  Spine Crawler x2, Drone x3, Extractor  
  194  23:55  Spore Crawler, Spine Crawler, Drone x8  
  195  23:56  Drone  
  200  24:04  Overseer  
  200  24:58  Hydralisk x14  
  198  25:03  Corruptor x5  
  186  25:07  Zergling x8  
  190  25:41  Drone x3  
  190  25:42  Spine Crawler x2  
  191  25:47  Spore Crawler  
  191  25:48  Spore Crawler  
  191  25:49  Spore Crawler x2  
  187  25:53  Spine Crawler x2, Drone x3  
  162  26:12  Hydralisk x11  
  182  26:19  Pathogen Glands  
  182  26:20  Drone x2  
  182  26:22  Drone x9  
  193  26:31  Brood Lord  
  195  26:38  Brood Lord x2  
  199  26:48  Spore Crawler  
  198  26:54  Spore Crawler  
  198  26:57  Spore Crawler  
  196  27:04  Overseer  
  196  27:18  Hatchery  
  195  27:35  Unknown  
  190  27:38  Unknown  
  190  27:40  Unknown  
Tags
 
Add a new tag
Caveats
  • Supply blocks, unpowered buildings, or Contaminate may cause inaccurate times.
  • Supply counts are checked every 10 seconds.